 Dungeon Sprint DCSS version 0.26.1-2-gb8aa6d0cf2 (webtiles) character file.

Game seed: 7106632385042677675

3401 Groucho the Grappler (level 9, -9/99 HPs)
             Began as a Troll Warper on Feb 14, 2021.
             Was an Elder of Makhleb.
             Mangled by a killer bee (12 damage)
             ... in the Dungeon (Sprint III: "The Ten Rune Challenge").
             The game lasted 00:07:00 (1623 turns).

Groucho the Grappler (Troll Warper)                 Turns: 1623, Time: 00:07:01

Health: -9/99      AC:  7    Str: 19    XL:     9   Next: 75%
Magic:  18/18      EV: 14    Int:  9    God:    Makhleb [****..]
Gold:   29         SH:  0    Dex: 12    Spells: 19/21 levels left

rFire    . . .     SeeInvis .     - Unarmed
rCold    . . .     Faith    .   (no shield)
rNeg     . . .     Spirit   .   a - +0 robe
rPois    .         Reflect  .   (helmet restricted)
rElec    .         Harm     .   (no cloak)
rCorr    .         Rampage  .   (gloves unavailable)
Will     .....     NoTele   +   (boots unavailable)
Stlth    +.........             (no amulet)
HPRegen  0.66/turn              (no ring)
MPRegen  0.16/turn              (no ring)

@: no status effects
A: large, unfitting armour, claws 3, rugged brown scales 1, regeneration 1,
shaggy fur 1, tough skin 3, weak 1
a: Renounce Religion, Minor Destruction, Lesser Servant of Makhleb, Major
Destruction


You were in the Dungeon.
You worshipped Makhleb.
Makhleb was greatly pleased with you.
You visited 1 branch You collected 29 gold pieces.

Inventory:

Missiles
 d - 5 boomerangs of dispersal (quivered)
Armour
 a - a +0 robe (worn)
Scrolls
 b - a scroll of torment {unknown}
 c - 2 scrolls of blinking
 i - a scroll of identify {unknown}
 j - 4 scrolls of remove curse
 l - 2 scrolls of immolation {unknown}
Potions
 g - a potion of haste
 h - a potion of magic
 k - 2 potions of flight


   Skills:
 + Level 8.8 Fighting
 - Level 0.8 Throwing
 + Level 8.9 Dodging
 + Level 10.4 Unarmed Combat
 + Level 6.7 Spellcasting
 + Level 8.3 Translocations


You had 19 spell levels left.
You knew the following spells:

 Your Spells              Type           Power        Failure   Level
a - Blink                 Tloc           N/A          1%          2

Your spell library contained the following spells:

 Spells                   Type           Power        Failure   Level
 Gell's Gravitas          Tloc           9%           1%          3
 Lesser Beckoning         Tloc           9%           1%          3
 Teleport Other           Tloc           18%          1%          3
 Passage of Golubria      Tloc           N/A          7%          4
 Magic Dart               Conj           12%          21%         1
 Call Imp                 Summ           3%           30%         2
 Slow                     Hex            3%           30%         2
 Confusing Touch          Hex            3%           52%         3
 Conjure Flame            Conj/Fire      3%           52%         3
 Mephitic Cloud           Conj/Pois/Air  3%           52%         3
 Petrify                  Tmut/Erth      3%           90%         4
 Metabolic Englaciation   Hex/Ice        1%           99%         5
 Yara's Violent Unravell  Hex/Tmut       1%           99%         5


Dungeon Overview and Level Annotations

Branches:
Dungeon (1/1)

Altars:
Cheibriados
Dithmenos
Elyvilon
Fedhas
Gozag
Hepliaklqana
Kikubaaqudgha
Makhleb
Nemelex Xobeh
Okawaru
Qazlal
Ru
Sif Muna
Trog
Uskayaw
Vehumet
Wu Jian
Xom
Yredelemnul
Zin
The Shining One
Beogh
Jiyva
Lugonu


Innate Abilities, Weirdness & Mutations

You are too large for most types of armour.
You have claws for hands.
Your natural rate of healing is unusually fast.
You are covered in fur. (AC +1)
You have extremely tough skin. (AC +3)
You are partially covered in rugged brown scales. (AC +1, +3% HP)
You are weak. (Str -2)


Message History

The killer bee barely misses you. The killer bee closely misses you.
You miss the killer bee.
The killer bee is severely wounded.
You feel sick. The killer bee completely misses you. The killer bee stings you!
* * * LOW HITPOINT WARNING * * *
You feel better. The killer bee stings you.
* * * LOW HITPOINT WARNING * * *
The killer bee stings you but does no damage.
The killer bee barely misses you.
You closely miss the killer bee.
The killer bee is severely wounded.
The killer bee closely misses you. x2
You closely miss the killer bee.
The killer bee is severely wounded.
The killer bee stings you!
* * * LOW HITPOINT WARNING * * *
The killer bee stings you.
* * * LOW HITPOINT WARNING * * *
The killer bee stings you!
You die...

__# ._# )## ..# ..# #'#
..#+###########################
..#....#.#.#....)#...^.yyyy.≈≈#
..##.#..#)##)###@#...§^.#...≈≈#
..'##.#.#.##.#yy##....^^# yy≈≈≈
..#.).#..#..##.y'y.yy^..# .y≈≈
▓▓▓▓▓▓▓▓▓▓▓▓▓▓▓▓#y^^y..^#


yyy #.......# yy +.^.....# y #....^..# ##+###### You could see 3 killer bees.

Vanquished Creatures
  Erolcha (D)
  A deep elf mage (D)
  A queen bee (D)
  2 redbacks (D)
  A shadow (D)
  A spatial vortex (D)
  A necrophage (D)
  5 two-headed ogres (D)
  A water elemental (D)
  5 killer bees (D)
  A jelly (D)
  A wizard (D)
  A necromancer (D)
  3 humans (D)
  A kobold demonologist (D)
  A wolf (D)
  4 rats (D)
31 creatures vanquished.

Notes
Turn   | Place    | Note
-------+----------+-------------------------------------------
     0 | D        | Groucho the Troll Warper began the quest for the Orb.
     0 | D        | Reached XP level 1. HP: 19/19 MP: 1/1
    47 | D        | Noticed a wolf
    55 | D        | Killed a wolf
    56 | D        | Reached XP level 2. HP: 24/29 MP: 1/3
    60 | D        | Reached skill level 3 in Unarmed Combat
    60 | D        | Reached XP level 3. HP: 32/36 MP: 1/5
   212 | D        | Gained mutation: You are frail. (-10% HP) [potion of
                  | mutation]
   212 | D        | Gained mutation: Armour fits poorly on your strangely
                  | shaped body. [potion of mutation]
   212 | D        | Gained mutation: You tend to lose your temper in combat.
                  | [potion of mutation]
   212 | D        | Gained mutation: Your muscles are strong. (Str +2) [potion
                  | of mutation]
   213 | D        | Lost mutation: You tend to lose your temper in combat.
                  | [potion of mutation]
   213 | D        | Lost mutation: Armour fits poorly on your strangely shaped
                  | body. [potion of mutation]
   213 | D        | Lost mutation: Your muscles are strong. (Str +2) [potion of
                  | mutation]
   213 | D        | Gained mutation: You are clumsy. (Dex -2) [potion of
                  | mutation]
   213 | D        | Lost mutation: You are clumsy. (Dex -2) [potion of
                  | mutation]
   213 | D        | Gained mutation: Your mind is acute. (Int +2) [potion of
                  | mutation]
   214 | D        | Lost mutation: You are frail. (-10% HP) [potion of
                  | mutation]
   214 | D        | Lost mutation: Your mind is acute. (Int +2) [potion of
                  | mutation]
   214 | D        | Gained mutation: You are frail. (-10% HP) [potion of
                  | mutation]
   214 | D        | Gained mutation: Your magical capacity is low. (-10% MP)
                  | [potion of mutation]
   214 | D        | Gained mutation: You are partially covered in rugged brown
                  | scales. (AC +1, +3% HP) [potion of mutation]
   214 | D        | Gained mutation: You are partially covered in large bone
                  | plates. (SH +4) [potion of mutation]
   215 | D        | Lost mutation: Your magical capacity is low. (-10% MP)
                  | [potion of mutation]
   215 | D        | Lost mutation: You are frail. (-10% HP) [potion of
                  | mutation]
   215 | D        | Gained mutation: You are strong-willed. (Will+) [potion of
                  | mutation]
   215 | D        | Gained mutation: Your flesh is cold resistant. (rC+)
                  | [potion of mutation]
   216 | D        | Lost mutation: You are partially covered in large bone
                  | plates. (SH +4) [potion of mutation]
   216 | D        | Lost mutation: You are partially covered in rugged brown
                  | scales. (AC +1, +3% HP) [potion of mutation]
   216 | D        | Lost mutation: Your flesh is cold resistant. (rC+) [potion
                  | of mutation]
   216 | D        | Lost mutation: You are strong-willed. (Will+) [potion of
                  | mutation]
   216 | D        | Gained mutation: You are weak. (Str -2) [potion of
                  | mutation]
   216 | D        | Gained mutation: You are partially covered in rugged brown
                  | scales. (AC +1, +3% HP) [potion of mutation]
   357 | D        | Learned a level 2 spell: Blink
   358 | D        | Noticed a water elemental
   366 | D        | Killed a water elemental
   367 | D        | Reached skill level 4 in Unarmed Combat
   367 | D        | Reached XP level 4. HP: 30/46 MP: 5/7
   536 | D        | Found a radiant altar of Vehumet.
   537 | D        | Found a shimmering blue altar of Sif Muna.
   537 | D        | Found an ancient bone altar of Kikubaaqudgha.
   537 | D        | Noticed a wizard
   539 | D        | Noticed a soul eater
   539 | D        | Killed a wizard
   557 | D        | Found a glowing silver altar of Zin.
   563 | D        | Found a hide-covered altar of Uskayaw.
   563 | D        | Found an iron altar of Okawaru.
   564 | D        | Found a roughly hewn altar of Beogh.
   564 | D        | Found a bloodstained altar of Trog.
   564 | D        | Found an ornate altar of the Wu Jian Council.
   564 | D        | Noticed a human
   564 | D        | Noticed a human
   596 | D        | Killed a human
   597 | D        | Reached skill level 5 in Dodging
   597 | D        | Reached skill level 5 in Unarmed Combat
   597 | D        | Reached XP level 5. HP: 19/56 MP: 0/9
   597 | D        | Reached XP level 6. HP: 23/66 MP: 0/10
   606 | D        | Killed a human
   607 | D        | Reached skill level 5 in Fighting
   607 | D        | Reached skill level 6 in Unarmed Combat
   607 | D        | Reached skill level 5 in Translocations
   799 | D        | Found a shadowy altar of Dithmenos.
   809 | D        | Reached skill level 7 in Unarmed Combat
   809 | D        | Reached XP level 7. HP: 76/76 MP: 12/12
   809 | D        | Found a basalt altar of Yredelemnul.
   809 | D        | Found a sacrificial altar of Ru.
   820 | D        | Noticed a shadow
   828 | D        | Killed a shadow
   842 | D        | Found a blossoming altar of Fedhas.
   842 | D        | Found a stormy altar of Qazlal.
   856 | D        | Noticed a spatial vortex
   857 | D        | Found a snail-covered altar of Cheibriados.
   857 | D        | Found a burning altar of Makhleb.
   857 | D        | Found a hazy altar of Hepliaklqana.
   857 | D        | Found a shimmering altar of Xom.
   857 | D        | Found an opulent altar of Gozag.
   857 | D        | Found a sparkling altar of Nemelex Xobeh.
   857 | D        | Found a corrupted altar of Lugonu.
   857 | D        | Found a viscous altar of Jiyva.
   869 | D        | Killed a spatial vortex
   875 | D        | Became a worshipper of Makhleb the Destroyer
   898 | D        | Found a glowing golden altar of the Shining One.
   898 | D        | Found a white marble altar of Elyvilon.
   898 | D        | Noticed a deep elf mage
   908 | D        | Killed a deep elf mage
   909 | D        | Reached skill level 8 in Unarmed Combat
   909 | D        | Reached skill level 5 in Spellcasting
   909 | D        | Reached XP level 8. HP: 82/89 MP: 13/15
   944 | D        | Reached * piety under Makhleb
   964 | D        | Noticed a two-headed ogre
  1123 | D        | Killed a two-headed ogre
  1124 | D        | Reached skill level 9 in Unarmed Combat
  1323 | D        | Noticed a two-headed ogre
  1323 | D        | Noticed Erolcha
  1336 | D        | Killed Erolcha
  1336 | D        | Reached ** piety under Makhleb
  1337 | D        | Reached XP level 9. HP: 72/98 MP: 15/17
  1340 | D        | Killed a two-headed ogre
  1341 | D        | Reached skill level 10 in Unarmed Combat
  1583 | D        | Noticed a queen bee
  1596 | D        | Reached *** piety under Makhleb
  1611 | D        | Killed a queen bee
  1612 | D        | Reached **** piety under Makhleb
  1623 | D        | HP: 3/99 [killer bee (6)]
  1623 | D        | Mangled by a killer bee

Illustrated notes

Levels and vault maps discovered:
D:        dungeon_sprint_mu [sprint_mu_entry_cave, sprint_mu_temple_rooms,
          sprint_mu_d1_spiders, sprint_mu_d2_genie, sprint_mu_d3_branching,
          sprint_mu_orc_legion, sprint_mu_elf_gauntlet, sprint_mu_hive_nellie,
          sprint_mu_lair_fedhas, sprint_mu_vaults_butterflies,
          sprint_mu_slime_circle, sprint_mu_swamp_cave, sprint_mu_snake_twists,
          sprint_mu_blade_basic, sprint_mu_crypt_lich, sprint_mu_tomb_spiral,
          sprint_mu_vestibule_basic, sprint_mu_gehenna_hellfire,
          sprint_mu_dis_giant, sprint_mu_tartarus_statrot,
          sprint_mu_cocytus_islands, sprint_mu_zot1]

Skill      XL: |  1  2  3  4  5  6  7  8  9 |
---------------+----------------------------+-----
Dodging        | 2 3 5 7 8 |  8.9
Fighting       | 2 3 4 5 7 8 |  8.8
Unarmed Combat | 3 4 5 7 8 9 10 | 10.4
Spellcasting   | 2 3 4 5 6 |  6.7
Translocations | 3 4 5 6 7 8 |  8.3
Throwing       | |  0.8

Action                   |  1- 3 |  4- 6 |  7- 9 || total
-------------------------+-------+-------+-------++-------
Melee: Unarmed           |    21 |    33 |   106 ||   160
       Punch             |       |       |     2 ||     2
 Cast: Blink             |       |     6 |       ||     6
  Use: Potion            |     6 |     2 |     3 ||    11
       Scroll            |       |       |     1 ||     1
Armor: Robe              |     2 |     8 |    12 ||    22
Dodge: Dodged            |    10 |    16 |    85 ||   111
